Map: Romanticide LE

Players

uThermal - Winner!

  • Race: Terran Terran

Krystianer

  • Race: Protoss Protoss

Event: DreamHack SC2 Masters 2021 Fall

VOD

Have the link to the VOD?

Description

Time

  • Played on: Aug. 11, 2021, 9:26 a.m.
  • Length: 12:19

All games in this series

Show
View Real Time Build Order
Export as new Build Order

uThermal Terran - Winner!

Build Orders:  

Get SALT Encoding   

  12  0:00  SCV  
  13  0:12  SCV  
  14  0:17  Supply Depot  
  14  0:24  SCV  
  15  0:39  SCV  
  15  0:40  Barracks  
  16  0:46  Refinery  
  16  0:51  SCV  
  16  0:56  Refinery  
  17  1:03  SCV  
  18  1:15  SCV  
  19  1:27  Reaper  
  19  1:28  Orbital Command  
  20  1:50  Bunker, Factory  
  20  1:53  SCV  
  20  2:00  Reaper  
  21  2:04  Supply Depot  
  21  2:06  SCV  
  21  2:22  SCV  
  22  2:34  SCV  
  22  2:36  Command Center  
  23  2:40  Widow Mine  
  25  2:46  SCV  
  26  2:54  Starport  
  26  2:59  SCV  
  26  3:01  Widow Mine  
  29  3:07  Supply Depot  
  29  3:11  SCV  
  30  3:23  SCV  
  31  3:29  Widow Mine  
  31  3:30  Medivac  
  31  3:32  Armory  
  35  3:35  SCV  
  36  3:42  Bunker  
  36  3:46  Refinery  
  36  3:47  SCV  
  37  3:53  Orbital Command  
  37  3:59  Factory Tech Lab  
  37  4:00  SCV  
  38  4:04  Starport Tech Lab  
  38  4:10  Barracks Reactor  
  38  4:13  SCV  
  39  4:18  SCV, Siege Tank  
  43  4:25  SCV  
  43  4:26  Raven  
  43  4:31  Supply Depot, SCV  
  47  4:38  SCV  
  48  4:43  SCV  
  49  4:49  Marine x2  
  49  4:50  SCV  
  52  4:55  SCV  
  52  4:56  Siege Tank  
  52  4:58  Supply Depot  
  56  5:02  SCV  
  56  5:06  Marine x2, Bunker  
  56  5:07  SCV  
  56  5:14  SCV  
  56  5:15  Barracks  
  56  5:21  Barracks  
  55  5:24  Marine x2  
  55  5:26  Engineering Bay  
  57  5:31  Siege Tank  
  57  5:33  SCV  
  61  5:36  SCV  
  61  5:40  Supply Depot  
  61  5:42  Marine x2  
  64  5:45  SCV  
  64  5:48  Starport Reactor  
  64  5:49  SCV  
  66  5:53  Terran Infantry Weapons Level 1  
  66  5:57  SCV  
  66  6:01  SCV  
  66  6:02  Marine x2  
  70  6:05  Stimpack, Marauder, Missile Turret  
  70  6:09  SCV  
  73  6:13  Missile Turret  
  73  6:14  SCV  
  71  6:19  Factory Reactor  
  71  6:20  Marine  
  71  6:25  Marine, Marauder  
  70  6:26  Marauder  
  70  6:29  Medivac x2  
  70  6:30  SCV  
  70  6:32  Supply Depot  
  77  6:37  Marine  
  73  6:45  Command Center  
  72  6:47  Marauder  
  72  6:56  Marine, Marauder  
  72  6:57  Supply Depot, Widow Mine  
  72  7:01  Combat Shield, Medivac  
  77  7:02  Widow Mine  
  77  7:03  Marine  
  77  7:07  Marine  
  83  7:11  Barracks  
  83  7:14  Supply Depot  
  83  7:18  Barracks  
  83  7:20  Medivac  
  82  7:26  Marine  
  82  7:29  Marine  
  82  7:30  Marine  
  82  7:31  Medivac  
  82  7:34  SCV  
  82  7:35  Supply Depot  
  82  7:36  Marauder  
  88  7:40  Widow Mine x2  
  92  7:44  Marine  
  92  7:46  SCV  
  92  7:47  Marine  
  92  7:48  Terran Infantry Armor Level 1, SCV  
  96  7:52  Refinery  
  96  7:54  Marine  
  97  7:58  SCV  
  97  8:01  Marauder  
  97  8:04  Barracks Tech Lab  
  97  8:05  Widow Mine x2  
  104  8:07  Marine  
  104  8:09  Marine  
  104  8:11  Barracks Tech Lab  
  104  8:12  SCV, Marauder  
  109  8:15  SCV  
  109  8:23  Marauder  
  109  8:25  Marine  
  109  8:27  Marine  
  112  8:28  Orbital Command  
  112  8:29  Marine, SCV, Marauder  
  112  8:33  Marine, SCV  
  119  8:35  Supply Depot  
  120  8:41  SCV  
  120  8:43  Marine x2, Engineering Bay  
  120  8:44  Marine  
  120  8:45  SCV  
  124  8:49  Marine  
  124  8:54  Supply Depot  
  125  8:57  SCV x2, Marauder  
  125  8:58  Marine  
  125  8:59  Supply Depot  
  125  9:01  Marine  
  131  9:07  SCV  
  131  9:09  Marine  
  133  9:14  Marine  
  133  9:15  Marauder  
  133  9:16  Marauder  
  136  9:19  Marine  
  136  9:20  SCV, Marauder  
  136  9:22  Widow Mine  
  140  9:24  Supply Depot  
  140  9:29  SCV  
  137  9:35  SCV  
  137  9:36  Marine, Refinery  
  137  9:37  Marauder  
  141  9:40  Supply Depot  
  141  9:42  Marine x2, Marauder x2  
  141  9:45  Terran Infantry Weapons Level 2  
  147  9:49  Terran Infantry Armor Level 2  
  144  9:53  Supply Depot  
  144  9:54  Marine  
  144  9:58  SCV, Marauder  
  144  9:59  Marine  
  148  10:04  Marine  
  148  10:05  Supply Depot, Marauder  
  148  10:06  Marine  
  153  10:12  Marine  
  149  10:19  Marine, Marauder  
  145  10:23  Marauder  
  145  10:24  Marine  
  145  10:26  Marauder  
  147  10:30  Marine  
  145  10:37  Marine, Concussive Shells  
  145  10:38  SCV, Medivac x2  
  145  10:41  Marauder  
  153  10:43  Marine, Marauder  
  153  10:47  SCV  
  153  10:48  Marauder  
  153  10:49  Marine, Command Center  
  157  10:53  SCV  
  157  10:55  Ghost Academy  
  159  10:57  Marine  
  159  11:02  Marine, Marauder  
  161  11:05  Marine  
  161  11:08  Medivac  
  164  11:11  Marine x2, Sensor Tower  
  164  11:12  Bunker  
  164  11:16  Marine, Missile Turret  
  163  11:35  Marine  
  163  11:36  Marauder  
  166  11:40  Supply Depot  
  166  11:41  Ghost x3  
  172  11:49  Supply Depot  
  172  11:51  Supply Depot  
  172  11:52  Marine  
  173  11:57  Marauder  
  173  11:59  Marine  
Show
View Real Time Build Order
Export as new Build Order

Krystianer Protoss 

Build Orders: Blink Stalkers 

Get SALT Encoding   

  12  0:00  Probe  
  13  0:12  Probe  
  14  0:16  Pylon  
  14  0:24  Probe (Chrono Boost)  
  16  0:35  Gateway  
  16  0:36  Probe (Chrono Boost)  
  16  0:42  Probe (Chrono Boost)  
  16  0:45  Assimilator  
  17  0:50  Probe  
  18  1:03  Probe  
  19  1:15  Probe  
  20  1:22  Cybernetics Core  
  20  1:23  Zealot  
  22  1:27  Probe  
  22  1:30  Pylon  
  23  1:48  Nexus  
  23  1:56  Stalker (Chrono Boost)  
  25  2:03  Warp Gate  
  25  2:04  Probe  
  26  2:08  Assimilator  
  25  2:19  Stalker  
  25  2:22  Probe (Chrono Boost)  
  27  2:34  Probe (Chrono Boost)  
  28  2:40  Probe (Chrono Boost)  
  29  2:46  Twilight Council  
  29  2:48  Probe  
  28  3:00  Probe (Chrono Boost)  
  30  3:06  Probe (Chrono Boost)  
  30  3:10  Probe (Chrono Boost)  
  31  3:14  Probe (Chrono Boost)  
  31  3:15  Probe (Chrono Boost)  
  33  3:20  Blink (Chrono Boost), Gateway  
  33  3:27  Probe (Chrono Boost)  
  35  3:31  Probe (Chrono Boost)  
  35  3:34  Probe (Chrono Boost)  
  35  3:35  Robotics Facility  
  35  3:38  Probe (Chrono Boost)  
  35  3:41  Probe  
  37  3:45  Gateway  
  38  3:51  Stalker  
  40  3:56  Probe  
  40  3:57  Gateway  
  40  3:58  Probe  
  42  4:02  Pylon  
  42  4:08  Probe  
  43  4:10  Probe  
  43  4:11  Assimilator  
  44  4:17  Stalker  
  44  4:21  Probe  
  46  4:25  Probe  
  46  4:30  Pylon  
  49  4:34  Probe  
  49  4:37  Probe  
  51  4:39  Observer (Chrono Boost)  
  50  4:51  Stalker x2  
  50  4:52  Stalker x2  
  56  4:55  Probe  
  57  5:04  Warp Prism (Chrono Boost)  
  57  5:09  Probe  
  60  5:20  Pylon  
  60  5:31  Probe  
  61  5:38  Stalker x4  
  61  5:42  Pylon  
  69  5:48  Nexus  
  69  5:51  Probe  
  70  6:03  Stalker x3  
  76  6:05  Stalker  
  76  6:09  Pylon  
  78  6:16  Probe x2  
  64  6:28  Probe x2  
  64  6:40  Probe x2  
  64  6:42  Stalker x4  
  64  6:43  Warp Prism (Chrono Boost)  
  76  6:52  Probe (Chrono Boost)  
  76  6:53  Probe (Chrono Boost)  
  78  7:01  Probe (Chrono Boost)  
  79  7:04  Probe x2 (Chrono Boost)  
  79  7:06  Stalker x3  
  79  7:07  Stalker  
  90  7:10  Probe x2 (Chrono Boost)  
  90  7:13  Pylon, Probe (Chrono Boost), Charge  
  92  7:19  Probe  
  85  7:23  Probe  
  85  7:33  Stalker x4  
  92  7:47  Gateway x2  
  92  7:49  Gateway  
  92  7:52  Gateway  
  92  7:54  Templar Archives  
  92  7:56  Assimilator  
  92  7:58  Probe  
  92  7:59  Shield Battery  
  92  8:03  Stalker x4  
  101  8:07  Pylon  
  101  8:15  Immortal (Chrono Boost)  
  101  8:16  Pylon  
  101  8:17  Pylon  
  103  8:29  Probe  
  103  8:31  Probe  
  103  8:33  Assimilator  
  105  8:35  Robotics Bay  
  105  8:37  Assimilator  
  105  8:46  Robotics Facility  
  105  8:51  Forge  
  105  8:52  Forge, Immortal (Chrono Boost)  
  109  8:57  Pylon  
  109  8:58  Pylon  
  109  8:59  Pylon  
  109  9:15  Zealot x4  
  99  9:27  Disruptor (Chrono Boost)  
  100  9:35  Extended Thermal Lance  
  100  9:36  Colossus (Chrono Boost)  
  100  9:37  Zealot x3  
  100  9:38  Zealot x5  
  122  9:44  Photon Cannon  
  121  9:46  Pylon  
  121  9:51  Protoss Ground Weapons Level 1  
  121  9:52  Disruptor (Chrono Boost)  
  121  10:10  Disruptor, Stalker x6  
  127  10:25  Probe  
  127  10:27  Photon Cannon  
  114  10:30  Photon Cannon  
  114  10:31  Probe (Chrono Boost)  
  114  10:35  Probe (Chrono Boost)  
  110  10:38  Probe (Chrono Boost)  
  105  10:43  Probe (Chrono Boost)  
  105  10:46  Disruptor x2, Probe (Chrono Boost)  
  105  10:48  Probe (Chrono Boost)  
  113  10:51  Probe (Chrono Boost)  
  113  10:52  Probe (Chrono Boost)  
  113  10:54  Probe (Chrono Boost)  
  113  10:58  Probe  
  114  11:08  Probe  
  107  11:13  Probe  
  107  11:15  Probe  
  109  11:19  Colossus (Chrono Boost)  
  109  11:20  Pylon, Probe  
  109  11:24  Sentry  
  109  11:25  Probe  
  120  11:27  Probe  
  120  11:30  Observer (Chrono Boost)  
  121  11:36  Probe  
  119  11:45  Probe  
  118  11:56  Nexus, Probe  
  119  12:02  Probe  

Tags
 
Add a new tag
Caveats
  • Supply blocks, unpowered buildings, or Contaminate may cause inaccurate times.
  • Supply counts are checked every 10 seconds.